 Dungeon Crawl Stone Soup version 0.28.0-47-ge53b351184 (webtiles) character file.

Game seed: 15402179189507742798

11 CryoSword the Firebug (level 2, 0/19 HPs)
             Began as a Demonspawn Fire Elementalist on Apr 28, 2022.
             Slain by a quokka (3 damage)
             ... on level 1 of the Dungeon.
             The game lasted 00:01:05 (539 turns).

CryoSword the Firebug (Demonspawn Fire Elementalist) Turns: 539, Time: 00:01:05

Health: 0/19       AC:  2    Str:  8    XL:     2   Next: 17%
Magic:  4/5        EV: 12    Int: 16    God:
Gold:   30         SH:  0    Dex: 19    Spells: 4/5 levels left

rFire   . . .      SeeInvis .   (no weapon)
rCold   . . .      Faith    .   (no shield)
rNeg    . . .      Spirit   .   a - +0 robe
rPois   .          Reflect  .   (no helmet)
rElec   .          Harm     .   (no cloak)
rCorr   .          Rampage  .   (no gloves)
Will    .....                   (no boots)
Stlth   ++........              (no amulet)
HPRegen 0.06/turn               d - +6 ring of dexterity
MPRegen 0.09/turn               (no ring)

@: no status effects
A: claws 1
a: no special abilities


You were on level 1 of the Dungeon.
You visited 1 branch of the dungeon, and saw 1 of its levels.

You collected 30 gold pieces.

Inventory:

Armour
 a - a +0 robe (worn)
Jewellery
 d - a +6 ring of dexterity (left claw)
   (You found it on level 1 of the Dungeon)


   Skills:
 + Level 0.1 Fighting
 - Level 1.7 Dodging
 - Level 1.7 Stealth
 * Level 0.1 Unarmed Combat
 - Level 2.0 Spellcasting
 + Level 1.0 Conjurations
 * Level 3.3 Fire Magic


You had 4 spell levels left.
You knew the following spells:

 Your Spells              Type           Power      Damage    Failure   Level
a - Foxfire               Conj/Fire      32%        2x1d5     9%          1

Your spell library contained the following spells:

 Spells                   Type           Power      Damage    Failure   Level
 Scorch                   Fire           24%        2d6       9%          2
 Conjure Flame            Conj/Fire      8%         6-21      26%         3
 Inner Flame              Hex/Fire       6%         N/A       32%         3
 Flame Wave               Conj/Fire      8%         2d5       63%         4


Dungeon Overview and Level Annotations

Branches:
Dungeon (1/15)

Altars:


Innate Abilities, Weirdness & Mutations

You have sharp fingernails.


Message History

You conjure some foxfire!
The foxfire hits the goblin. x2
You kill the goblin!
Your Fire Magic skill increases to level 3!
You see here a +0 dagger.
d - a +6 ring of dexterity
e - a scroll labelled NAMNETW UVVODD
Found a stone staircase leading down.
A kobold comes into view. It is wielding a +0 short sword.
You conjure some foxfire!
The foxfire hits the kobold.
You kill the kobold!
Things that are here:
a +0 short sword; 4 stones; a kobold corpse
f - a +0 short sword
f - a +0 short sword (weapon)
You drop a +0 dagger.
You feel agile.
d - a +6 ring of dexterity (left hand)
A bat comes into view.
A bat is nearby!
A bat is nearby!
A bat is nearby!
The bat misses you.
You conjure some foxfire!
The bat barely misses you.
You don't know that spell.
A bat comes into view.
The foxfire hits the bat.
You kill the bat!
The foxfire hits the bat but does no damage.
The bat closely misses you.
You miss the bat. The bat closely misses you. x2
You closely miss the bat. The bat closely misses you.
A bat is nearby!
The bat hits you but does no damage. x2
You closely miss the bat. The bat misses you. The bat barely misses you.
The bat completely misses you.
You barely miss the bat. The bat hits you but does no damage.
The bat hits you but does no damage.
You hit the bat. The bat misses you.
You hit the bat. The bat hits you but does no damage.
You hit the bat.
You kill the bat!
No target in view!
No target in view!
No target in view!
No target in view!
No target in view!
No target in view!
No target in view!
No target in view!
No target in view!
No target in view!
No target in view!
You see here a bat corpse.
Found a robe.
A goblin comes into view. It is wielding a +0 dagger.
A goblin is nearby!
The goblin shouts!
The goblin barely misses you.
You barely miss the goblin. The goblin closely misses you.
You closely miss the goblin. The goblin hits you with a +0 dagger.
You hit the goblin.
You kill the goblin!
You have reached level 2!
Your demonic ancestry asserts itself...
Your fingernails lengthen.
Okay, then.
You are now empty-clawed.
You drop a +0 short sword.
Okay, then.
Okay, then.
Sorry, you're not good enough to have a special ability.
Unknown command.
As you read the scroll labelled NAMNETW UVVODD, it crumbles to dust.
A profound silence engulfs you.
It was a scroll of silence.
Unknown command.
Magic scrolls do not work when you're silenced!
There's nothing to open nearby.
Unknown command.
You start resting.
Your hearing returns.
As you read the scroll labelled YFFYERU APRYC, it crumbles to dust.
You feel aware of your surroundings.
It was a scroll of magic mapping.
Things that are here:
a +0 dagger; a goblin corpse A bat comes into view.
A bat is nearby!
A bat is nearby!
You closely miss the bat. The bat barely misses you.
No target in view!
The bat closely misses you.
A bat is nearby!
A bat is nearby!
A bat is nearby!
You scratch the bat. You claw the bat.
You kill the bat!
You see here a bat corpse.
A quokka comes into view.
A quokka is nearby!
A quokka is nearby!
A quokka is nearby!
A giant cockroach comes into view.
You see here 13 gold pieces.
The quokka closely misses you.
You closely miss the giant cockroach.
The giant cockroach bites you but does no damage.
The quokka closely misses you. The giant cockroach bites you.
The quokka closely misses you.
You scratch the giant cockroach. The giant cockroach closely misses you.
The quokka closely misses you.
You scratch the giant cockroach but do no damage.
The giant cockroach completely misses you.
The quokka bites you.
You scratch the giant cockroach but do no damage.
The giant cockroach misses you. The quokka bites you.
You are too injured to fight recklessly!
You are too injured to fight recklessly!
You are too injured to fight recklessly!
You are too injured to fight recklessly!
There are monsters nearby!
There are monsters nearby!
You are too injured to fight recklessly!
The quokka closely misses you.
You see here 13 gold pieces.
The giant cockroach barely misses you. The giant cockroach closely misses you.
You scratch the giant cockroach. The giant cockroach barely misses you.
The quokka twitches its whiskers.
You scratch the giant cockroach.
You kill the giant cockroach!
You miss the quokka. The quokka bites you.
You scratch the quokka but do no damage.
Your claw misses the quokka. The quokka bites you.
* * * LOW HITPOINT WARNING * * *
The quokka barely misses you.
You scratch the quokka but do no damage.
The quokka bites you.
* * * LOW HITPOINT WARNING * * *
You scratch the quokka. The quokka completely misses you.
You barely miss the quokka. The quokka bites you.
* * * LOW HITPOINT WARNING * * *
You scratch the quokka but do no damage.
The quokka closely misses you.
You scratch the quokka. The quokka completely misses you.
The quokka closely misses you.
You conjure some foxfire!
The quokka bites you but does no damage.
The quokka bites you.
You die...

#.....# #...##########.#
#....$######...†........[..
#........##....#.#######)).
####.....##....#.#.........
#..........##.####.##...
#..........##.####.##...
#.......#.###...........
****#.......#.# ######.##.#.
*,,.....##.@#†# #.##...
*,########.r#.# #.####.
*,***,,,*#..#.# #.#,...
*,,,,,*,*#....# #..,...
*,**,,*,*#.##.# ###,#,#
*,**,,*,...,..# *,#.#
*,**,,#.###*### *****,...
*,**,,#,* #..,,,...
*,**,,*,*********###..##*#..


You could see a quokka.

Vanquished Creatures
  A giant cockroach (D:1)
  A quokka (D:1)
  3 bats (D:1)
  4 goblins (D:1)
  A kobold (D:1)
10 creatures vanquished.

Vanquished Creatures (others)
  12 foxfires (D:1)
12 creatures vanquished.

Grand Total: 22 creatures vanquished

Notes
Turn   | Place    | Note
-------+----------+-------------------------------------------
     0 | D:1      | CryoSword the Demonspawn Fire Elementalist began the quest
                  | for the Orb.
     0 | D:1      | Reached XP level 1. HP: 13/13 MP: 3/3
   345 | D:1      | Reached skill level 3 in Fire Magic
   450 | D:1      | Gained mutation: You have sharp fingernails. [demonic
                  | ancestry]
   450 | D:1      | Reached XP level 2. HP: 17/19 MP: 5/5
   539 | D:1      | Slain by a quokka

Illustrated notes

Levels and vault maps discovered:
D:1:      ncdulo_watergridlock, layout_basic

Skill      XL: |  1 |
---------------+----+-----
Fire Magic     | 3 |  3.3
Fighting       | |  0.1
Dodging        | |  1.7
Stealth        | |  1.7
Unarmed Combat | |  0.1
Spellcasting   | |  2.0
Conjurations   | |  1.0

Action                   || total
-------------------------++-------
Melee: Unarmed           ||    25
       Short sword       ||    10
       Punch             ||     1
 Cast: Foxfire           ||     8
  Use: Scroll            ||     2
Armor: Robe              ||     9
Dodge: Dodged            ||    39
